[ AOE2 MATCH · #486197594 ]
UnrankedKhmer vs Slavs
[ REPLAY ANALYSIS · EXTRACTED FROM THE RECORDED GAME ]
Feudal
10:06
Castle
12:56
Imperial
29:10
| APM avg | 72.8 |
| APM peak | 176 |
| eAPM avg | 44.4 |
| Villagers / military | 212 / 205 |
Focus
⚔️ 48.9% · 🌾 51.1%
Spearman ×150 · Scorpion ×46 · Battle Elephant ×9
Feudal
11:39
Castle
15:46
Imperial
35:17
| APM avg | 23.3 |
| APM peak | 59 |
| eAPM avg | 16.5 |
| Villagers / military | 157 / 128 |
Focus
⚔️ 19.4% · 🌾 80.6%
Boyar ×64 · Spearman ×60 · Unknown (882) ×25 · Monk ×2 · Trebuchet (Packed) ×2
Feudal
12:29
Castle
20:32
Imperial
32:01
| APM avg | 33.1 |
| APM peak | 77 |
| eAPM avg | 21.6 |
| Villagers / military | 182 / 76 |
Focus
⚔️ 28.7% · 🌾 71.3%
Janissary ×47 · Scout Cavalry ×11 · Bombard Cannon ×9 · Spearman ×5 · Battering Ram ×2 · Trebuchet (Packed) ×2
Feudal
9:00
Castle
21:04
Imperial
37:28
| APM avg | 63.6 |
| APM peak | 153 |
| eAPM avg | 24.8 |
| Villagers / military | 137 / 134 |
Focus
⚔️ 38.0% · 🌾 62.0%
Scout Cavalry ×66 · Knight ×63 · Archer ×5
Feudal
10:24
Castle
15:14
Imperial
—
| APM avg | 38.4 |
| APM peak | 117 |
| eAPM avg | 25.7 |
| Villagers / military | 124 / 8 |
Focus
⚔️ 32.2% · 🌾 67.8%
Knight ×8
Feudal
10:18
Castle
14:39
Imperial
34:04
| APM avg | 44.2 |
| APM peak | 89 |
| eAPM avg | 18.6 |
| Villagers / military | 77 / 61 |
Focus
⚔️ 38.0% · 🌾 62.0%
Genoese Crossbowman ×43 · Battering Ram ×7 · Trebuchet (Packed) ×4 · Petard ×3 · Mangonel ×3 · Monk ×1
Feudal
9:20
Castle
19:52
Imperial
36:41
| APM avg | 32.2 |
| APM peak | 63 |
| eAPM avg | 23.6 |
| Villagers / military | 140 / 55 |
Focus
⚔️ 32.4% · 🌾 67.6%
Unknown (882) ×110 · Fire Lancer ×53 · Spearman ×1 · Iron Pagoda ×1
Feudal
11:12
Castle
15:24
Imperial
32:03
| APM avg | 34.3 |
| APM peak | 68 |
| eAPM avg | 20.8 |
| Villagers / military | 121 / 80 |
Focus
⚔️ 32.0% · 🌾 68.0%
Mameluke ×43 · Knight ×14 · Mangonel ×8 · Camel Scout ×8 · Bombard Cannon ×6 · Monk ×1
Match map
Initial resources + every placement click. Lines = walls · curves = elevation contours. ◆ gold · ⬟ stone · ● berries · ✦ relic · ◌ wall gap
Your base· ✓ Closed at 12:56 · 0t walls · 3 gate(s)
CTM | Franco*'s base· ✓ Closed at 15:46 · 0t walls · 2 gate(s)
Jon's base· ✓ Closed at 20:32 · 8t walls · 2 gate(s)
CTM | Benja FC's base· ✓ Closed at 21:04 · 0t walls · 2 gate(s)
[SICK] WhiteSun's base· ✓ Closed at 15:14 · 0t walls · 3 gate(s)
SUNYQ's base· ✓ Closed at 14:39 · 0t walls · 2 gate(s)
PSX | King's base· ✓ Closed at 19:52 · 0t walls · 3 gate(s)
斷頭將軍拒當逃兵's base· ✓ Closed at 15:24 · 0t walls · 2 gate(s)
Smoothed initial terrain · ◌ = detected wall gap · hover for details
Inputs per minute
— EndRCM - - CTM | Franco*
Build order — EndRCM
First 150 of 657 actions detected
| 0:01 | Queue | Villager (Male) |
| 0:02 | Queue | Villager (Male) |
| 0:02 | Queue | Villager (Male) |
| 0:02 | Queue | Villager (Male) |
| 0:02 | Queue | Villager (Male) |
| 0:03 | Build | House |
| 0:04 | Build | House |
| 1:21 | Queue | Villager (Male) |
| 1:21 | Queue | Villager (Male) |
| 1:22 | Queue | Villager (Male) |
| 1:36 | Build | Lumber Camp |
| 1:52 | Queue | Villager (Male) |
| 1:52 | Queue | Villager (Male) |
| 1:52 | Queue | Villager (Male) |
| 2:21 | Queue | Villager (Male) |
| 2:21 | Queue | Villager (Male) |
| 2:22 | Queue | Villager (Male) |
| 2:45 | Queue | Villager (Male) |
| 2:45 | Queue | Villager (Male) |
| 3:02 | Build | House |
| 3:03 | Build | House |
| 3:17 | Queue | Villager (Male) |
| 3:18 | Queue | Villager (Male) |
| 3:18 | Queue | Villager (Male) |
| 3:18 | Queue | Villager (Male) |
| 3:57 | Queue | Villager (Male) |
| 4:02 | Queue | Villager (Male) |
| 4:46 | Queue | Villager (Male) |
| 4:46 | Queue | Villager (Male) |
| 4:47 | Queue | Villager (Male) |
| 4:47 | Queue | Villager (Male) |
| 5:01 | Queue | Villager (Male) |
| 5:01 | Queue | Villager (Male) |
| 5:01 | Queue | Villager (Male) |
| 5:24 | Build | Mill |
| 5:47 | Queue | Villager (Male) |
| 5:47 | Queue | Villager (Male) |
| 5:47 | Queue | Villager (Male) |
| 6:18 | Queue | Villager (Male) |
| 6:18 | Queue | Villager (Male) |
| 6:18 | Queue | Villager (Male) |
| 6:19 | Queue | Villager (Male) |
| 6:23 | Build | Mining Camp |
| 6:44 | Queue | Villager (Male) |
| 6:56 | Build | Farm |
| 7:18 | Build | Farm |
| 7:52 | Research | Feudal Age |
| 7:52 | Research | Feudal Age |
| 7:52 | Research | Feudal Age |
| 8:19 | Build | Farm |
| 9:52 | Build | Farm |
| 10:06 | Age | Feudal Age |
| 10:16 | Research | Castle Age |
| 10:17 | Research | Castle Age |
| 10:17 | Research | Castle Age |
| 10:36 | Research | Double-Bit Axe |
| 11:14 | Research | Horse Collar |
| 11:14 | Research | Horse Collar |
| 11:14 | Research | Horse Collar |
| 12:56 | Age | Castle Age |
| 12:58 | Queue | Villager (Male) |
| 13:01 | Build | Town Center |
| 13:05 | Build | Town Center |
| 13:13 | Research | Bow Saw |
| 13:13 | Research | Bow Saw |
| 13:13 | Research | Bow Saw |
| 13:22 | Queue | Villager (Male) |
| 13:43 | Build | Farm |
| 13:46 | Build | Farm |
| 14:09 | Queue | Villager (Male) |
| 14:10 | Queue | Villager (Male) |
| 14:13 | Build | Farm |
| 14:25 | Build | House |
| 14:26 | Build | House |
| 14:29 | Queue | Villager (Male) |
| 14:29 | Queue | Villager (Male) |
| 14:29 | Queue | Villager (Male) |
| 14:30 | Queue | Villager (Male) |
| 14:36 | Queue | Villager (Male) |
| 14:36 | Queue | Villager (Male) |
| 14:36 | Queue | Villager (Male) |
| 14:45 | Build | Farm |
| 14:56 | Queue | Villager (Male) |
| 14:56 | Queue | Villager (Male) |
| 14:56 | Queue | Villager (Male) |
| 15:07 | Build | Farm |
| 15:08 | Queue | Villager (Male) |
| 15:08 | Queue | Villager (Male) |
| 15:08 | Queue | Villager (Male) |
| 15:10 | Build | Farm |
| 15:12 | Build | Farm |
| 15:24 | Queue | Villager (Male) |
| 15:24 | Queue | Villager (Male) |
| 15:25 | Queue | Villager (Male) |
| 15:49 | Queue | Villager (Male) |
| 15:50 | Queue | Villager (Male) |
| 15:50 | Queue | Villager (Male) |
| 15:50 | Queue | Villager (Male) |
| 15:59 | Build | Stable |
| 16:02 | Queue | Villager (Male) |
| 16:02 | Queue | Villager (Male) |
| 16:04 | Build | Farm |
| 16:07 | Build | Farm |
| 16:16 | Queue | Villager (Male) |
| 16:16 | Queue | Villager (Male) |
| 16:16 | Queue | Villager (Male) |
| 16:16 | Queue | Villager (Male) |
| 16:18 | Build | Farm |
| 16:28 | Queue | Villager (Male) |
| 16:28 | Queue | Villager (Male) |
| 16:28 | Queue | Villager (Male) |
| 16:29 | Queue | Villager (Male) |
| 16:30 | Build | Farm |
| 16:34 | Build | Farm |
| 16:35 | Queue | Villager (Male) |
| 16:35 | Queue | Villager (Male) |
| 16:35 | Queue | Villager (Male) |
| 16:36 | Build | House |
| 16:47 | Queue | Villager (Male) |
| 16:47 | Queue | Villager (Male) |
| 16:47 | Queue | Villager (Male) |
| 17:01 | Build | Farm |
| 17:02 | Build | Farm |
| 17:02 | Build | Farm |
| 17:05 | Queue | Villager (Male) |
| 17:05 | Queue | Villager (Male) |
| 17:05 | Queue | Villager (Male) |
| 17:32 | Queue | Villager (Male) |
| 17:32 | Queue | Villager (Male) |
| 17:32 | Queue | Villager (Male) |
| 17:32 | Queue | Villager (Male) |
| 17:35 | Build | Farm |
| 17:39 | Queue | Villager (Male) |
| 17:40 | Queue | Villager (Male) |
| 17:40 | Queue | Villager (Male) |
| 17:40 | Queue | Villager (Male) |
| 17:43 | Build | Farm |
| 17:43 | Queue | Villager (Male) |
| 18:04 | Queue | Villager (Male) |
| 18:04 | Queue | Villager (Male) |
| 18:04 | Queue | Villager (Male) |
| 18:04 | Queue | Villager (Male) |
| 18:05 | Build | Farm |
| 18:11 | Queue | Villager (Male) |
| 18:14 | Build | Farm |
| 18:24 | Build | Farm |
| 18:25 | Build | Farm |
| 18:28 | Build | House |
| 18:29 | Build | House |
| 18:32 | Queue | Battle Elephant |
Build order — CTM | Franco*
First 150 of 378 actions detected
| 0:02 | Queue | Villager (Male) |
| 0:03 | Queue | Villager (Male) |
| 0:03 | Queue | Villager (Male) |
| 0:03 | Queue | Villager (Male) |
| 0:04 | Queue | Villager (Male) |
| 0:07 | Build | House |
| 0:09 | Build | House |
| 1:35 | Queue | Villager (Male) |
| 1:36 | Queue | Villager (Male) |
| 2:12 | Build | Lumber Camp |
| 2:23 | Queue | Villager (Male) |
| 2:24 | Queue | Villager (Male) |
| 2:24 | Queue | Villager (Male) |
| 3:12 | Queue | Villager (Male) |
| 3:12 | Queue | Villager (Male) |
| 3:56 | Queue | Villager (Male) |
| 4:01 | Queue | Villager (Male) |
| 4:01 | Queue | Villager (Male) |
| 4:38 | Queue | Villager (Male) |
| 4:39 | Queue | Villager (Male) |
| 4:45 | Build | House |
| 4:47 | Build | House |
| 4:50 | Research | Loom |
| 5:11 | Queue | Villager (Male) |
| 5:11 | Queue | Villager (Male) |
| 5:35 | Build | Mill |
| 5:41 | Queue | Villager (Male) |
| 5:51 | Queue | Villager (Male) |
| 6:13 | Queue | Villager (Male) |
| 6:51 | Queue | Villager (Male) |
| 7:29 | Queue | Villager (Male) |
| 7:44 | Queue | Villager (Male) |
| 8:31 | Queue | Villager (Male) |
| 8:44 | Build | Mining Camp |
| 8:47 | Queue | Villager (Male) |
| 8:49 | Research | Feudal Age |
| 9:13 | Build | House |
| 9:14 | Build | House |
| 11:09 | Build | Farm |
| 11:10 | Build | Farm |
| 11:11 | Build | Farm |
| 11:12 | Build | Farm |
| 11:39 | Age | Feudal Age |
| 11:42 | Queue | Villager (Male) |
| 11:43 | Queue | Villager (Male) |
| 11:45 | Queue | Villager (Male) |
| 11:56 | Build | Market |
| 12:00 | Build | Blacksmith |
| 12:13 | Build | Mining Camp |
| 13:06 | Research | Castle Age |
| 14:11 | Research | Double-Bit Axe |
| 14:18 | Research | Horse Collar |
| 14:53 | Research | Gold Mining |
| 15:16 | Research | Stone Mining |
| 15:46 | Age | Castle Age |
| 15:50 | Build | Monastery |
| 15:52 | Queue | Villager (Male) |
| 15:52 | Queue | Villager (Male) |
| 15:58 | Build | Town Center |
| 16:33 | Queue | Villager (Male) |
| 16:40 | Build | Town Center |
| 16:43 | Queue | Villager (Male) |
| 16:48 | Queue | Monk |
| 16:53 | Queue | Monk |
| 16:58 | Build | House |
| 16:59 | Build | House |
| 17:01 | Queue | Villager (Male) |
| 17:01 | Queue | Villager (Male) |
| 17:23 | Queue | Villager (Male) |
| 18:15 | Queue | Villager (Male) |
| 18:16 | Queue | Villager (Male) |
| 18:17 | Queue | Villager (Male) |
| 18:21 | Build | Farm |
| 18:22 | Build | Farm |
| 18:50 | Build | Farm |
| 18:52 | Queue | Villager (Male) |
| 19:16 | Build | Town Center |
| 19:26 | Build | Farm |
| 19:46 | Queue | Villager (Male) |
| 19:46 | Queue | Villager (Male) |
| 19:52 | Build | Farm |
| 19:54 | Build | Farm |
| 19:55 | Build | Farm |
| 20:06 | Queue | Villager (Male) |
| 20:12 | Build | Farm |
| 20:13 | Build | Farm |
| 20:15 | Build | Farm |
| 20:33 | Queue | Villager (Male) |
| 20:33 | Queue | Villager (Male) |
| 20:41 | Queue | Villager (Male) |
| 20:42 | Queue | Villager (Male) |
| 20:52 | Queue | Villager (Male) |
| 21:10 | Queue | Villager (Male) |
| 21:11 | Queue | Villager (Male) |
| 21:23 | Build | House |
| 21:24 | Build | House |
| 21:35 | Queue | Villager (Male) |
| 21:36 | Queue | Villager (Male) |
| 21:43 | Build | Farm |
| 21:44 | Build | Farm |
| 21:46 | Build | Farm |
| 21:48 | Build | Farm |
| 21:49 | Build | Farm |
| 21:51 | Build | Farm |
| 21:53 | Build | Farm |
| 21:54 | Build | Farm |
| 21:58 | Build | Farm |
| 22:00 | Queue | Villager (Male) |
| 22:02 | Queue | Villager (Male) |
| 22:14 | Queue | Villager (Male) |
| 22:33 | Queue | Villager (Male) |
| 22:37 | Build | House |
| 22:38 | Build | House |
| 22:40 | Build | House |
| 22:49 | Queue | Villager (Male) |
| 22:49 | Queue | Villager (Male) |
| 22:49 | Queue | Villager (Male) |
| 22:53 | Build | Farm |
| 22:56 | Queue | Villager (Male) |
| 22:57 | Queue | Villager (Male) |
| 23:22 | Queue | Villager (Male) |
| 23:26 | Build | Farm |
| 23:29 | Build | Farm |
| 23:30 | Queue | Villager (Male) |
| 23:30 | Queue | Villager (Male) |
| 23:30 | Queue | Villager (Male) |
| 23:34 | Build | Farm |
| 23:49 | Build | Castle |
| 23:49 | Queue | Villager (Male) |
| 23:49 | Queue | Villager (Male) |
| 23:50 | Queue | Villager (Male) |
| 23:50 | Queue | Villager (Male) |
| 23:53 | Queue | Villager (Male) |
| 23:59 | Build | Farm |
| 24:01 | Build | Farm |
| 24:02 | Build | Farm |
| 24:03 | Build | Farm |
| 24:04 | Build | Farm |
| 24:07 | Build | Farm |
| 24:08 | Queue | Villager (Male) |
| 24:08 | Queue | Villager (Male) |
| 24:08 | Queue | Villager (Male) |
| 24:09 | Queue | Villager (Male) |
| 24:12 | Build | Farm |
| 24:20 | Queue | Villager (Male) |
| 24:22 | Queue | Villager (Male) |
| 24:23 | Queue | Villager (Male) |
| 24:24 | Queue | Villager (Male) |
| 24:36 | Build | Farm |
| 24:41 | Build | Farm |
Build order — Jon
First 150 of 370 actions detected
| 0:02 | Queue | Villager (Male) |
| 0:02 | Queue | Villager (Male) |
| 0:02 | Queue | Villager (Male) |
| 0:03 | Queue | Villager (Male) |
| 0:03 | Queue | Villager (Male) |
| 0:03 | Queue | Villager (Male) |
| 0:05 | Build | House |
| 0:07 | Build | House |
| 0:09 | Research | Loom |
| 1:29 | Queue | Villager (Male) |
| 1:30 | Queue | Villager (Male) |
| 2:22 | Queue | Villager (Male) |
| 2:22 | Queue | Villager (Male) |
| 2:54 | Queue | Villager (Male) |
| 2:54 | Queue | Villager (Male) |
| 2:54 | Queue | Villager (Male) |
| 3:32 | Queue | Villager (Male) |
| 3:33 | Queue | Villager (Male) |
| 3:44 | Queue | Villager (Male) |
| 3:44 | Queue | Villager (Male) |
| 4:15 | Queue | Villager (Male) |
| 4:24 | Queue | Villager (Male) |
| 4:24 | Queue | Villager (Male) |
| 4:24 | Queue | Villager (Male) |
| 4:40 | Build | Lumber Camp |
| 5:01 | Queue | Villager (Male) |
| 5:01 | Queue | Villager (Male) |
| 5:01 | Queue | Villager (Male) |
| 5:16 | Queue | Villager (Male) |
| 5:16 | Queue | Villager (Male) |
| 5:16 | Queue | Villager (Male) |
| 5:19 | Build | House |
| 5:25 | Queue | Villager (Male) |
| 5:25 | Queue | Villager (Male) |
| 5:48 | Queue | Villager (Male) |
| 5:48 | Queue | Villager (Male) |
| 5:58 | Queue | Villager (Male) |
| 5:58 | Queue | Villager (Male) |
| 6:17 | Queue | Villager (Male) |
| 6:17 | Queue | Villager (Male) |
| 6:17 | Queue | Villager (Male) |
| 6:21 | Build | House |
| 6:43 | Queue | Villager (Male) |
| 7:06 | Queue | Villager (Male) |
| 7:06 | Queue | Villager (Male) |
| 7:21 | Build | Mining Camp |
| 7:30 | Build | Mining Camp |
| 7:34 | Queue | Villager (Male) |
| 7:34 | Queue | Villager (Male) |
| 7:43 | Build | Mill |
| 8:03 | Queue | Villager (Male) |
| 8:03 | Queue | Villager (Male) |
| 8:03 | Queue | Villager (Male) |
| 8:24 | Queue | Villager (Male) |
| 8:24 | Queue | Villager (Male) |
| 8:24 | Queue | Villager (Male) |
| 8:45 | Queue | Villager (Male) |
| 8:45 | Queue | Villager (Male) |
| 8:45 | Queue | Villager (Male) |
| 8:53 | Build | Mill |
| 9:18 | Queue | Villager (Male) |
| 9:30 | Queue | Villager (Male) |
| 9:30 | Queue | Villager (Male) |
| 9:30 | Queue | Villager (Male) |
| 9:30 | Queue | Villager (Male) |
| 9:42 | Queue | Villager (Male) |
| 9:42 | Queue | Villager (Male) |
| 9:57 | Queue | Villager (Male) |
| 10:04 | Research | Feudal Age |
| 10:14 | Build | House |
| 10:21 | Queue | Villager (Male) |
| 10:31 | Build | Palisade Gate |
| 10:37 | Build | House |
| 10:39 | Build | House |
| 11:08 | Queue | Villager (Male) |
| 11:11 | Queue | Villager (Male) |
| 11:11 | Queue | Villager (Male) |
| 11:26 | Queue | Villager (Male) |
| 11:38 | Queue | Villager (Male) |
| 12:09 | Build | House |
| 12:11 | Queue | Villager (Male) |
| 12:29 | Age | Feudal Age |
| 12:34 | Queue | Villager (Male) |
| 12:45 | Build | Watch Tower |
| 13:01 | Queue | Villager (Male) |
| 13:01 | Queue | Villager (Male) |
| 13:49 | Queue | Villager (Male) |
| 14:15 | Build | Farm |
| 14:20 | Build | Farm |
| 14:20 | Build | Farm |
| 14:21 | Build | Farm |
| 14:21 | Build | Farm |
| 14:21 | Build | Farm |
| 14:38 | Build | Barracks |
| 14:58 | Build | Farm |
| 15:13 | Build | Farm |
| 15:56 | Build | Archery Range |
| 16:01 | Queue | Villager (Male) |
| 16:37 | Build | Market |
| 16:53 | Queue | Villager (Male) |
| 16:54 | Queue | Villager (Male) |
| 17:10 | Build | Mining Camp |
| 17:28 | Build | Blacksmith |
| 17:33 | Build | Stone Wall |
| 17:48 | Queue | Villager (Male) |
| 17:49 | Queue | Villager (Male) |
| 17:52 | Research | Castle Age |
| 18:10 | Build | Farm |
| 18:21 | Build | Mining Camp |
| 18:38 | Build | Stone Wall |
| 18:43 | Queue | Villager (Male) |
| 19:06 | Queue | Spearman |
| 19:06 | Queue | Spearman |
| 19:07 | Queue | Spearman |
| 19:07 | Queue | Spearman |
| 19:35 | Research | Scale Mail Armor |
| 20:02 | Build | House |
| 20:10 | Queue | Spearman |
| 20:18 | Build | House |
| 20:32 | Age | Castle Age |
| 20:43 | Research | Town Watch |
| 20:56 | Build | Farm |
| 21:04 | Build | Siege Workshop |
| 21:37 | Build | Castle |
| 21:50 | Queue | Battering Ram |
| 21:50 | Queue | Battering Ram |
| 22:36 | Build | Town Center |
| 22:55 | Queue | Villager (Male) |
| 22:55 | Queue | Villager (Male) |
| 22:55 | Queue | Villager (Male) |
| 22:55 | Queue | Villager (Male) |
| 23:02 | Build | Farm |
| 23:02 | Queue | Villager (Male) |
| 23:02 | Queue | Villager (Male) |
| 23:12 | Build | Farm |
| 23:12 | Build | Farm |
| 23:13 | Build | Farm |
| 23:13 | Build | Farm |
| 23:13 | Build | Farm |
| 23:13 | Build | Farm |
| 23:13 | Build | Farm |
| 23:35 | Queue | Villager (Male) |
| 23:35 | Queue | Villager (Male) |
| 23:35 | Queue | Villager (Male) |
| 23:46 | Build | Farm |
| 23:46 | Build | Farm |
| 23:46 | Build | Farm |
| 23:46 | Build | Farm |
| 24:01 | Research | Double-Bit Axe |
| 24:02 | Queue | Villager (Male) |
Build order — CTM | Benja FC
First 150 of 421 actions detected
| 0:01 | Queue | Villager (Male) |
| 0:02 | Build | House |
| 0:04 | Build | House |
| 0:06 | Queue | Villager (Male) |
| 0:13 | Queue | Villager (Male) |
| 0:22 | Queue | Villager (Male) |
| 1:30 | Queue | Villager (Male) |
| 1:31 | Queue | Villager (Male) |
| 1:31 | Queue | Villager (Male) |
| 1:53 | Build | Lumber Camp |
| 2:03 | Queue | Villager (Male) |
| 2:08 | Queue | Villager (Male) |
| 2:08 | Queue | Villager (Male) |
| 2:26 | Queue | Villager (Male) |
| 3:18 | Queue | Villager (Male) |
| 3:19 | Queue | Villager (Male) |
| 3:19 | Queue | Villager (Male) |
| 3:33 | Build | House |
| 3:53 | Queue | Villager (Male) |
| 3:59 | Build | House |
| 4:20 | Queue | Villager (Male) |
| 4:20 | Queue | Villager (Male) |
| 4:47 | Queue | Villager (Male) |
| 4:49 | Queue | Villager (Male) |
| 5:04 | Queue | Villager (Male) |
| 5:06 | Build | Mill |
| 5:17 | Queue | Villager (Male) |
| 5:58 | Research | Loom |
| 6:03 | Queue | Villager (Male) |
| 6:50 | Research | Feudal Age |
| 6:57 | Build | Barracks |
| 8:57 | Queue | Villager (Male) |
| 9:00 | Age | Feudal Age |
| 9:02 | Build | Stable |
| 9:08 | Research | Double-Bit Axe |
| 9:10 | Research | Horse Collar |
| 9:14 | Queue | Villager (Male) |
| 9:30 | Queue | Villager (Male) |
| 9:32 | Build | Farm |
| 9:46 | Queue | Scout Cavalry |
| 9:58 | Queue | Villager (Male) |
| 10:00 | Build | Farm |
| 10:03 | Build | Farm |
| 10:18 | Queue | Villager (Male) |
| 10:23 | Queue | Scout Cavalry |
| 10:27 | Build | Farm |
| 10:30 | Build | Farm |
| 10:43 | Queue | Villager (Male) |
| 10:45 | Build | Farm |
| 10:59 | Queue | Scout Cavalry |
| 11:15 | Build | Farm |
| 11:30 | Queue | Villager (Male) |
| 11:31 | Queue | Scout Cavalry |
| 11:35 | Build | House |
| 11:52 | Queue | Villager (Male) |
| 12:03 | Queue | Villager (Male) |
| 12:06 | Build | Farm |
| 12:09 | Build | Blacksmith |
| 12:22 | Queue | Villager (Male) |
| 12:25 | Build | Farm |
| 12:39 | Queue | Scout Cavalry |
| 12:53 | Build | Farm |
| 13:10 | Queue | Villager (Male) |
| 13:15 | Build | Farm |
| 13:26 | Queue | Scout Cavalry |
| 13:31 | Research | Scale Barding Armor |
| 13:36 | Queue | Villager (Male) |
| 13:39 | Build | Farm |
| 13:59 | Queue | Villager (Male) |
| 14:06 | Research | Bloodlines |
| 14:10 | Build | Farm |
| 14:20 | Queue | Villager (Male) |
| 14:24 | Build | House |
| 14:25 | Build | House |
| 14:49 | Build | Mining Camp |
| 14:53 | Queue | Villager (Male) |
| 15:04 | Queue | Scout Cavalry |
| 15:19 | Build | Stable |
| 15:23 | Queue | Villager (Male) |
| 15:40 | Build | Lumber Camp |
| 15:51 | Queue | Villager (Male) |
| 16:00 | Queue | Scout Cavalry |
| 16:00 | Queue | Villager (Male) |
| 16:16 | Build | House |
| 16:47 | Queue | Scout Cavalry |
| 16:54 | Queue | Villager (Male) |
| 16:57 | Build | Farm |
| 16:58 | Build | Farm |
| 17:10 | Build | House |
| 17:22 | Queue | Villager (Male) |
| 17:39 | Queue | Villager (Male) |
| 18:24 | Research | Castle Age |
| 18:28 | Build | House |
| 18:29 | Build | House |
| 18:58 | Queue | Villager (Male) |
| 19:07 | Queue | Scout Cavalry |
| 19:08 | Queue | Scout Cavalry |
| 19:15 | Queue | Scout Cavalry |
| 19:25 | Queue | Scout Cavalry |
| 19:25 | Queue | Scout Cavalry |
| 19:47 | Queue | Scout Cavalry |
| 19:55 | Queue | Villager (Male) |
| 19:58 | Build | House |
| 20:11 | Build | House |
| 20:16 | Queue | Scout Cavalry |
| 20:56 | Queue | Scout Cavalry |
| 21:04 | Age | Castle Age |
| 21:08 | Research | Husbandry |
| 21:10 | Queue | Knight |
| 21:10 | Queue | Knight |
| 21:14 | Queue | Villager (Male) |
| 21:21 | Queue | Villager (Male) |
| 21:25 | Build | Market |
| 21:28 | Build | Town Center |
| 21:34 | Queue | Knight |
| 21:41 | Queue | Knight |
| 21:58 | Queue | Knight |
| 21:59 | Queue | Knight |
| 22:06 | Build | Town Center |
| 22:10 | Queue | Knight |
| 22:10 | Queue | Knight |
| 22:30 | Queue | Knight |
| 22:33 | Queue | Knight |
| 22:33 | Queue | Knight |
| 22:44 | Build | Farm |
| 22:44 | Build | Farm |
| 22:45 | Build | Farm |
| 22:45 | Build | Farm |
| 22:45 | Build | Farm |
| 22:46 | Build | Farm |
| 22:46 | Build | Farm |
| 22:46 | Build | Farm |
| 22:46 | Build | Farm |
| 23:04 | Queue | Knight |
| 23:05 | Queue | Knight |
| 23:05 | Queue | Knight |
| 23:10 | Queue | Villager (Male) |
| 23:15 | Build | Farm |
| 23:16 | Build | Farm |
| 23:16 | Build | Farm |
| 23:16 | Build | Farm |
| 23:16 | Build | Farm |
| 23:17 | Build | Farm |
| 23:17 | Build | Farm |
| 23:17 | Build | Farm |
| 23:17 | Build | Farm |
| 23:50 | Queue | Knight |
| 23:51 | Queue | Knight |
| 23:51 | Queue | Knight |
| 23:56 | Queue | Knight |
Build order — [SICK] WhiteSun
First 150 of 264 actions detected
| 0:00 | Queue | Villager (Male) |
| 0:01 | Queue | Villager (Male) |
| 0:01 | Queue | Villager (Male) |
| 0:01 | Queue | Villager (Male) |
| 0:03 | Build | House |
| 0:04 | Build | House |
| 1:30 | Queue | Villager (Male) |
| 1:30 | Queue | Villager (Male) |
| 1:30 | Queue | Villager (Male) |
| 2:21 | Queue | Villager (Male) |
| 2:21 | Queue | Villager (Male) |
| 2:47 | Queue | Villager (Male) |
| 2:47 | Queue | Villager (Male) |
| 2:53 | Build | House |
| 3:06 | Build | Lumber Camp |
| 3:15 | Queue | Villager (Male) |
| 3:26 | Queue | Villager (Male) |
| 3:26 | Queue | Villager (Male) |
| 4:09 | Queue | Villager (Male) |
| 4:09 | Queue | Villager (Male) |
| 4:10 | Queue | Villager (Male) |
| 4:10 | Queue | Villager (Male) |
| 5:11 | Build | House |
| 5:30 | Build | Mill |
| 5:52 | Queue | Villager (Male) |
| 5:52 | Queue | Villager (Male) |
| 6:41 | Queue | Villager (Male) |
| 6:42 | Queue | Villager (Male) |
| 7:10 | Queue | Villager (Male) |
| 7:18 | Queue | Villager (Male) |
| 7:53 | Research | Feudal Age |
| 7:53 | Research | Feudal Age |
| 8:06 | Queue | Villager (Male) |
| 8:25 | Build | Mining Camp |
| 8:37 | Build | House |
| 8:38 | Build | House |
| 8:39 | Build | House |
| 8:42 | Build | House |
| 8:43 | Build | House |
| 9:04 | Queue | Villager (Male) |
| 9:04 | Queue | Villager (Male) |
| 9:04 | Queue | Villager (Male) |
| 9:18 | Queue | Villager (Male) |
| 9:33 | Build | Farm |
| 10:24 | Age | Feudal Age |
| 10:43 | Build | Market |
| 10:53 | Build | Blacksmith |
| 11:19 | Build | House |
| 11:27 | Queue | Villager (Male) |
| 11:44 | Build | Farm |
| 11:45 | Build | Farm |
| 11:45 | Build | Farm |
| 11:45 | Build | Farm |
| 11:45 | Build | Farm |
| 11:46 | Build | Farm |
| 11:51 | Research | Loom |
| 12:31 | Build | House |
| 12:49 | Research | Castle Age |
| 12:49 | Research | Castle Age |
| 12:54 | Build | Barracks |
| 13:27 | Research | Double-Bit Axe |
| 13:48 | Research | Horse Collar |
| 13:48 | Research | Horse Collar |
| 13:59 | Queue | Villager (Male) |
| 14:12 | Build | Stable |
| 14:53 | Research | Forging |
| 15:14 | Age | Castle Age |
| 15:15 | Queue | Knight |
| 15:15 | Queue | Knight |
| 15:16 | Queue | Knight |
| 15:23 | Build | Farm |
| 15:23 | Build | Farm |
| 15:23 | Build | Farm |
| 15:23 | Build | Farm |
| 15:24 | Build | Farm |
| 15:32 | Queue | Villager (Male) |
| 15:50 | Queue | Villager (Male) |
| 16:07 | Build | Farm |
| 16:08 | Build | Farm |
| 16:08 | Build | Farm |
| 16:09 | Build | Farm |
| 16:12 | Queue | Villager (Male) |
| 16:30 | Queue | Villager (Male) |
| 16:40 | Queue | Villager (Male) |
| 16:56 | Build | Farm |
| 16:57 | Build | Farm |
| 16:58 | Build | Farm |
| 17:04 | Queue | Villager (Male) |
| 17:17 | Build | Stone Wall |
| 17:18 | Queue | Villager (Male) |
| 17:18 | Queue | Villager (Male) |
| 17:31 | Build | Stone Wall |
| 17:32 | Queue | Villager (Male) |
| 17:37 | Queue | Villager (Male) |
| 17:41 | Build | Farm |
| 17:47 | Queue | Villager (Male) |
| 18:13 | Build | Mill |
| 18:18 | Build | Farm |
| 18:18 | Build | Farm |
| 18:18 | Build | Farm |
| 18:19 | Build | Farm |
| 18:19 | Build | Farm |
| 18:31 | Queue | Knight |
| 18:42 | Build | House |
| 18:55 | Queue | Villager (Male) |
| 19:00 | Queue | Knight |
| 19:00 | Queue | Knight |
| 19:06 | Queue | Villager (Male) |
| 19:12 | Queue | Villager (Male) |
| 19:42 | Build | Farm |
| 19:42 | Build | Farm |
| 19:50 | Build | Siege Workshop |
| 19:52 | Build | Farm |
| 20:04 | Build | Watch Tower |
| 20:16 | Queue | Villager (Male) |
| 20:19 | Research | Husbandry |
| 20:19 | Research | Husbandry |
| 20:43 | Queue | Villager (Male) |
| 20:56 | Queue | Villager (Male) |
| 20:56 | Queue | Villager (Male) |
| 21:14 | Build | Mining Camp |
| 21:36 | Queue | Villager (Male) |
| 21:36 | Queue | Villager (Male) |
| 22:14 | Queue | Villager (Male) |
| 22:37 | Queue | Villager (Male) |
| 22:43 | Queue | Villager (Male) |
| 22:52 | Queue | Knight |
| 22:53 | Queue | Knight |
| 23:02 | Queue | Villager (Male) |
| 23:58 | Build | Lumber Camp |
| 24:03 | Queue | Villager (Male) |
| 26:48 | Build | Market |
| 27:46 | Build | Lumber Camp |
| 30:58 | Build | Town Center |
| 31:45 | Build | Farm |
| 31:45 | Build | Farm |
| 31:45 | Build | Farm |
| 31:46 | Build | Farm |
| 31:46 | Build | Farm |
| 31:51 | Queue | Villager (Male) |
| 32:48 | Build | Farm |
| 32:48 | Build | Farm |
| 32:48 | Build | Farm |
| 32:48 | Build | Farm |
| 32:49 | Build | Farm |
| 32:49 | Build | Farm |
| 32:54 | Queue | Villager (Male) |
| 34:00 | Queue | Villager (Male) |
| 34:39 | Build | Mill |
| 34:40 | Build | Farm |
Build order — SUNYQ
First 150 of 213 actions detected
| 0:03 | Queue | Villager (Male) ×4 |
| 0:05 | Build | House |
| 0:07 | Build | House |
| 1:19 | Queue | Villager (Male) |
| 1:49 | Build | Lumber Camp |
| 1:53 | Queue | Villager (Male) |
| 2:10 | Queue | Villager (Male) |
| 2:10 | Queue | Villager (Male) |
| 2:37 | Queue | Villager (Male) |
| 2:38 | Queue | Villager (Male) |
| 3:06 | Queue | Villager (Male) |
| 3:48 | Queue | Villager (Male) |
| 3:48 | Queue | Villager (Male) |
| 3:52 | Build | House |
| 3:54 | Build | House |
| 4:37 | Queue | Villager (Male) |
| 4:37 | Queue | Villager (Male) |
| 4:40 | Queue | Villager (Male) |
| 5:10 | Build | Mining Camp |
| 5:42 | Queue | Villager (Male) |
| 6:05 | Build | Mill |
| 6:10 | Queue | Villager (Male) |
| 6:35 | Queue | Villager (Male) |
| 7:10 | Queue | Villager (Male) |
| 7:21 | Queue | Villager (Male) |
| 7:34 | Build | House |
| 7:36 | Build | House |
| 8:08 | Research | Feudal Age |
| 8:25 | Build | House |
| 8:25 | Build | House |
| 9:37 | Build | Mining Camp |
| 9:44 | Queue | Villager (Male) |
| 9:45 | Queue | Villager (Male) |
| 10:18 | Age | Feudal Age |
| 10:27 | Build | Blacksmith |
| 10:43 | Build | Market |
| 11:11 | Queue | Villager (Male) |
| 11:16 | Build | Farm |
| 11:20 | Build | Farm |
| 11:59 | Research | Castle Age |
| 12:00 | Research | Castle Age |
| 12:28 | Research | Double-Bit Axe |
| 13:29 | Research | Gold Mining |
| 13:29 | Research | Stone Mining |
| 13:36 | Research | Stone Mining |
| 13:37 | Research | Stone Mining |
| 13:40 | Queue | Villager (Male) |
| 13:40 | Queue | Villager (Male) |
| 14:39 | Age | Castle Age |
| 14:44 | Research | Loom |
| 14:47 | Research | Loom |
| 14:48 | Queue | Villager (Male) |
| 14:48 | Queue | Villager (Male) |
| 14:49 | Queue | Villager (Male) |
| 14:57 | Build | Farm |
| 15:05 | Build | Farm |
| 15:30 | Build | Castle |
| 15:39 | Queue | Villager (Male) |
| 15:42 | Build | Farm |
| 15:45 | Build | Farm |
| 15:47 | Build | Farm |
| 15:47 | Build | Farm |
| 15:48 | Build | Farm |
| 15:48 | Build | Farm |
| 15:53 | Queue | Villager (Male) |
| 16:18 | Build | Palisade Wall |
| 16:20 | Build | Palisade Wall |
| 16:37 | Build | Palisade Wall |
| 16:40 | Build | Palisade Wall |
| 16:44 | Build | Palisade Wall |
| 16:56 | Build | Mining Camp |
| 17:06 | Build | Mining Camp |
| 17:07 | Queue | Villager (Male) |
| 17:13 | Research | Fletching |
| 17:20 | Queue | Petard |
| 17:24 | Queue | Genoese Crossbowman |
| 17:25 | Queue | Genoese Crossbowman |
| 17:38 | Queue | Villager (Male) |
| 17:57 | Queue | Genoese Crossbowman |
| 18:16 | Queue | Villager (Male) |
| 18:17 | Queue | Villager (Male) |
| 18:31 | Queue | Genoese Crossbowman |
| 18:36 | Build | Siege Workshop |
| 18:42 | Research | Gold Mining |
| 18:49 | Queue | Genoese Crossbowman |
| 18:56 | Queue | Petard |
| 18:56 | Queue | Petard |
| 18:59 | Queue | Genoese Crossbowman |
| 19:07 | Queue | Genoese Crossbowman |
| 19:20 | Queue | Mangonel |
| 19:31 | Build | Gate |
| 19:32 | Build | Stone Wall |
| 19:35 | Queue | Genoese Crossbowman |
| 20:08 | Queue | Mangonel |
| 20:32 | Research | Wheelbarrow |
| 20:40 | Queue | Genoese Crossbowman |
| 20:40 | Queue | Genoese Crossbowman |
| 20:46 | Research | Bodkin Arrow |
| 20:47 | Research | Bodkin Arrow |
| 20:53 | Queue | Villager (Male) |
| 21:34 | Queue | Genoese Crossbowman |
| 21:34 | Queue | Genoese Crossbowman |
| 21:34 | Queue | Genoese Crossbowman |
| 22:04 | Queue | Genoese Crossbowman |
| 22:06 | Queue | Villager (Male) |
| 22:10 | Build | University |
| 22:37 | Queue | Mangonel |
| 22:58 | Queue | Villager (Male) |
| 23:00 | Queue | Genoese Crossbowman |
| 23:00 | Queue | Genoese Crossbowman |
| 23:20 | Research | Town Watch |
| 23:22 | Queue | Villager (Male) |
| 23:22 | Queue | Villager (Male) |
| 23:26 | Queue | Genoese Crossbowman |
| 23:26 | Queue | Genoese Crossbowman |
| 23:51 | Queue | Genoese Crossbowman |
| 24:10 | Queue | Villager (Male) |
| 24:22 | Build | Lumber Camp |
| 24:38 | Queue | Genoese Crossbowman |
| 24:39 | Queue | Genoese Crossbowman |
| 24:59 | Build | Farm |
| 25:30 | Queue | Genoese Crossbowman |
| 25:30 | Queue | Genoese Crossbowman |
| 26:21 | Queue | Genoese Crossbowman |
| 26:21 | Queue | Genoese Crossbowman |
| 26:38 | Research | Ballistics |
| 26:41 | Research | Padded Archer Armor |
| 27:14 | Queue | Battering Ram |
| 27:15 | Queue | Battering Ram |
| 27:30 | Build | Monastery |
| 27:35 | Build | Mining Camp |
| 27:40 | Queue | Genoese Crossbowman |
| 27:40 | Queue | Genoese Crossbowman |
| 27:41 | Queue | Genoese Crossbowman |
| 28:06 | Queue | Villager (Male) |
| 28:07 | Queue | Villager (Male) |
| 28:11 | Queue | Villager (Male) |
| 28:21 | Queue | Monk |
| 28:42 | Queue | Genoese Crossbowman |
| 28:42 | Queue | Genoese Crossbowman |
| 28:43 | Queue | Genoese Crossbowman |
| 28:59 | Build | Farm |
| 29:02 | Build | House |
| 29:06 | Build | House |
| 29:07 | Build | House |
| 29:08 | Build | House |
| 29:09 | Build | House |
| 29:10 | Build | House |
| 29:11 | Build | House |
| 29:12 | Build | House |
Build order — PSX | King
First 150 of 396 actions detected
| 0:01 | Queue | Villager (Male) |
| 0:01 | Queue | Villager (Male) |
| 0:03 | Build | House |
| 0:04 | Build | House |
| 0:08 | Queue | Villager (Male) |
| 0:09 | Queue | Villager (Male) |
| 0:09 | Queue | Villager (Male) |
| 1:19 | Queue | Villager (Male) |
| 1:20 | Queue | Villager (Male) |
| 1:40 | Queue | Villager (Male) |
| 1:48 | Build | Lumber Camp |
| 2:12 | Queue | Villager (Male) |
| 2:12 | Queue | Villager (Male) |
| 2:43 | Queue | Villager (Male) |
| 2:43 | Queue | Villager (Male) |
| 3:01 | Queue | Villager (Male) |
| 3:08 | Build | House |
| 3:29 | Queue | Villager (Male) |
| 3:30 | Queue | Villager (Male) |
| 3:53 | Queue | Villager (Male) |
| 3:54 | Queue | Villager (Male) |
| 4:15 | Build | Mill |
| 4:47 | Queue | Villager (Male) |
| 5:05 | Queue | Villager (Male) |
| 5:42 | Queue | Villager (Male) |
| 5:44 | Queue | Villager (Male) |
| 6:34 | Research | Loom |
| 7:10 | Research | Feudal Age |
| 7:10 | Research | Feudal Age |
| 7:50 | Queue | Villager (Male) |
| 8:23 | Build | House |
| 8:26 | Build | Mining Camp |
| 8:45 | Queue | Villager (Male) |
| 8:51 | Build | House |
| 9:20 | Age | Feudal Age |
| 9:22 | Build | Blacksmith |
| 9:24 | Build | House |
| 9:25 | Build | House |
| 9:27 | Research | Double-Bit Axe |
| 9:52 | Queue | Villager (Male) |
| 10:05 | Build | Watch Tower |
| 10:06 | Queue | Villager (Male) |
| 10:18 | Research | Fletching |
| 10:22 | Build | Palisade Gate |
| 10:29 | Queue | Villager (Male) |
| 11:00 | Queue | Villager (Male) |
| 11:23 | Queue | Villager (Male) |
| 11:26 | Build | Farm |
| 11:29 | Build | Farm |
| 11:30 | Build | Farm |
| 11:31 | Build | Farm |
| 11:46 | Build | Farm |
| 12:07 | Queue | Villager (Male) |
| 12:46 | Queue | Villager (Male) |
| 13:10 | Queue | Villager (Male) |
| 13:14 | Build | Farm |
| 13:15 | Build | Farm |
| 13:16 | Build | Farm |
| 13:17 | Build | Farm |
| 13:31 | Build | Watch Tower |
| 13:34 | Queue | Villager (Male) |
| 13:57 | Queue | Villager (Male) |
| 14:08 | Queue | Villager (Male) |
| 14:28 | Build | Mining Camp |
| 14:32 | Build | House |
| 14:50 | Queue | Villager (Male) |
| 15:01 | Queue | Villager (Male) |
| 15:22 | Queue | Villager (Male) |
| 15:29 | Build | Market |
| 15:34 | Queue | Villager (Male) |
| 16:41 | Build | Watch Tower |
| 16:59 | Build | Farm |
| 17:00 | Build | Farm |
| 17:02 | Build | Farm |
| 17:13 | Research | Castle Age |
| 17:13 | Research | Castle Age |
| 17:25 | Build | Watch Tower |
| 18:43 | Build | Watch Tower |
| 18:43 | Queue | Villager (Male) |
| 18:57 | Research | Horse Collar |
| 18:57 | Research | Gold Mining |
| 19:51 | Build | House |
| 19:52 | Age | Castle Age |
| 19:56 | Build | University |
| 19:59 | Research | Bodkin Arrow |
| 20:04 | Build | Watch Tower |
| 20:09 | Build | Palisade Gate |
| 20:13 | Build | Palisade Wall |
| 20:15 | Build | Palisade Wall |
| 20:17 | Build | Palisade Wall |
| 20:24 | Build | Palisade Wall |
| 20:26 | Build | Palisade Wall |
| 20:33 | Queue | Villager (Male) |
| 20:59 | Research | Murder Holes |
| 20:59 | Research | Murder Holes |
| 21:05 | Build | Watch Tower |
| 21:20 | Queue | Villager (Male) |
| 21:41 | Build | Barracks |
| 21:46 | Queue | Villager (Male) |
| 21:58 | Build | Gate |
| 22:00 | Build | Stone Wall |
| 22:05 | Build | Stone Wall |
| 22:20 | Queue | Villager (Male) |
| 22:37 | Build | Barracks |
| 22:42 | Build | Gate |
| 22:48 | Queue | Villager (Male) |
| 22:48 | Queue | Villager (Male) |
| 23:09 | Queue | Villager (Male) |
| 23:12 | Research | Fortified Wall (upgrade) |
| 23:12 | Research | Fortified Wall (upgrade) |
| 23:50 | Queue | Villager (Male) |
| 23:51 | Queue | Villager (Male) |
| 23:58 | Build | Town Center |
| 24:22 | Research | Bow Saw |
| 24:23 | Research | Bow Saw |
| 24:33 | Build | Siege Workshop |
| 24:41 | Queue | Villager (Male) |
| 24:55 | Build | Lumber Camp |
| 25:18 | Queue | Villager (Male) |
| 25:25 | Build | Farm |
| 25:45 | Build | Barracks |
| 25:45 | Queue | Villager (Male) |
| 26:11 | Build | Palisade Wall |
| 26:13 | Build | Stone Wall |
| 26:15 | Build | Stone Wall |
| 26:22 | Queue | Villager (Male) |
| 26:23 | Queue | Villager (Male) |
| 26:29 | Queue | Iron Pagoda |
| 26:33 | Build | Farm |
| 26:33 | Build | Farm |
| 26:33 | Build | Farm |
| 26:33 | Build | Farm |
| 26:40 | Queue | Villager (Male) |
| 26:41 | Queue | Villager (Male) |
| 27:02 | Queue | Fire Lancer |
| 27:02 | Queue | Fire Lancer |
| 27:06 | Queue | Villager (Male) |
| 27:07 | Queue | Villager (Male) |
| 27:28 | Queue | Villager (Male) |
| 27:29 | Queue | Villager (Male) |
| 27:55 | Build | Castle |
| 27:59 | Build | Mining Camp |
| 28:00 | Queue | Villager (Male) |
| 28:00 | Queue | Villager (Male) |
| 28:00 | Queue | Villager (Male) |
| 28:03 | Build | Farm |
| 28:03 | Build | Farm |
| 28:03 | Build | Farm |
| 28:03 | Build | Farm |
| 28:04 | Build | Farm |
Build order — 斷頭將軍拒當逃兵
First 150 of 337 actions detected
| 0:02 | Queue | Villager (Male) |
| 0:02 | Research | Loom |
| 0:02 | Queue | Villager (Male) |
| 0:05 | Build | House |
| 0:09 | Build | House |
| 0:13 | Queue | Villager (Male) |
| 0:15 | Queue | Villager (Male) |
| 1:25 | Queue | Villager (Male) |
| 2:09 | Queue | Villager (Male) |
| 2:10 | Queue | Villager (Male) |
| 2:12 | Build | Lumber Camp |
| 2:31 | Queue | Villager (Male) |
| 2:31 | Queue | Villager (Male) |
| 2:43 | Queue | Villager (Male) |
| 2:43 | Queue | Villager (Male) |
| 3:19 | Queue | Villager (Male) |
| 3:39 | Build | House |
| 3:42 | Build | House |
| 3:46 | Build | House |
| 3:52 | Queue | Villager (Male) |
| 3:52 | Queue | Villager (Male) |
| 4:18 | Build | House |
| 4:24 | Queue | Villager (Male) |
| 4:25 | Queue | Villager (Male) |
| 4:45 | Queue | Villager (Male) |
| 4:46 | Queue | Villager (Male) |
| 4:46 | Queue | Villager (Male) |
| 4:56 | Queue | Villager (Male) |
| 5:17 | Build | Mill |
| 5:24 | Queue | Villager (Male) |
| 5:30 | Queue | Villager (Male) |
| 6:09 | Queue | Villager (Male) |
| 6:11 | Queue | Villager (Male) |
| 6:43 | Queue | Villager (Male) |
| 6:43 | Queue | Villager (Male) |
| 7:10 | Queue | Villager (Male) |
| 7:10 | Queue | Villager (Male) |
| 7:25 | Queue | Villager (Male) |
| 7:36 | Queue | Villager (Male) |
| 7:43 | Queue | Villager (Male) |
| 8:56 | Build | Mining Camp |
| 9:02 | Research | Feudal Age |
| 9:02 | Queue | Villager (Male) |
| 10:57 | Queue | Villager (Male) |
| 10:58 | Queue | Villager (Male) |
| 11:04 | Build | Farm |
| 11:12 | Age | Feudal Age |
| 11:13 | Build | Farm |
| 11:16 | Build | Farm |
| 11:17 | Build | Farm |
| 11:25 | Build | Blacksmith |
| 11:32 | Build | Market |
| 11:37 | Queue | Villager (Male) |
| 11:41 | Build | Farm |
| 11:49 | Build | Farm |
| 11:54 | Build | Farm |
| 12:23 | Build | Farm |
| 12:44 | Research | Castle Age |
| 13:15 | Research | Double-Bit Axe |
| 13:37 | Research | Horse Collar |
| 15:24 | Age | Castle Age |
| 15:28 | Build | Town Center |
| 15:30 | Queue | Villager (Male) |
| 15:47 | Build | Town Center |
| 15:50 | Queue | Villager (Male) |
| 15:54 | Research | Bow Saw |
| 16:12 | Queue | Villager (Male) |
| 16:20 | Build | Farm |
| 16:26 | Queue | Villager (Male) |
| 16:49 | Queue | Villager (Male) |
| 17:06 | Queue | Villager (Male) |
| 17:06 | Queue | Villager (Male) |
| 17:24 | Queue | Villager (Male) |
| 17:27 | Build | Farm |
| 17:28 | Build | Farm |
| 17:34 | Build | Monastery |
| 17:46 | Build | Farm |
| 17:49 | Queue | Villager (Male) |
| 17:49 | Queue | Villager (Male) |
| 17:50 | Queue | Villager (Male) |
| 18:00 | Build | Farm |
| 18:08 | Build | Farm |
| 18:18 | Queue | Villager (Male) |
| 18:18 | Queue | Villager (Male) |
| 18:19 | Queue | Villager (Male) |
| 18:20 | Queue | Monk |
| 18:46 | Queue | Villager (Male) |
| 18:47 | Queue | Villager (Male) |
| 18:48 | Queue | Villager (Male) |
| 18:51 | Build | House |
| 18:52 | Build | House |
| 18:53 | Build | House |
| 19:02 | Build | Farm |
| 19:03 | Build | Farm |
| 19:09 | Build | Farm |
| 19:13 | Build | Farm |
| 19:17 | Queue | Villager (Male) |
| 19:18 | Research | Loom |
| 19:28 | Build | House |
| 19:34 | Build | Farm |
| 19:35 | Build | Farm |
| 19:36 | Build | Farm |
| 19:44 | Queue | Villager (Male) |
| 19:45 | Queue | Villager (Male) |
| 19:46 | Queue | Villager (Male) |
| 20:01 | Build | Siege Workshop |
| 20:07 | Build | Siege Workshop |
| 20:13 | Queue | Villager (Male) |
| 20:14 | Queue | Villager (Male) |
| 20:14 | Queue | Villager (Male) |
| 20:19 | Build | Farm |
| 20:35 | Queue | Mangonel |
| 20:36 | Queue | Mangonel |
| 20:50 | Queue | Villager (Male) |
| 20:51 | Queue | Villager (Male) |
| 20:51 | Queue | Villager (Male) |
| 20:55 | Build | House |
| 20:56 | Build | House |
| 20:58 | Build | House |
| 21:06 | Queue | Mangonel |
| 21:10 | Queue | Villager (Male) |
| 21:11 | Queue | Villager (Male) |
| 21:11 | Queue | Villager (Male) |
| 21:56 | Queue | Mangonel |
| 22:00 | Queue | Villager (Male) |
| 22:00 | Queue | Villager (Male) |
| 22:01 | Queue | Villager (Male) |
| 22:36 | Build | Barracks |
| 22:49 | Queue | Villager (Male) |
| 22:50 | Queue | Villager (Male) |
| 22:50 | Queue | Villager (Male) |
| 22:54 | Build | House |
| 22:54 | Build | House |
| 22:55 | Build | House |
| 22:56 | Build | House |
| 23:00 | Queue | Mangonel |
| 23:07 | Build | Stable |
| 23:08 | Build | Stable |
| 23:09 | Build | Stable |
| 23:53 | Research | Bloodlines |
| 23:54 | Queue | Knight |
| 23:55 | Queue | Camel Scout |
| 23:56 | Research | Husbandry |
| 23:56 | Queue | Camel Scout |
| 23:56 | Queue | Camel Scout |
| 23:57 | Queue | Knight |
| 23:57 | Queue | Camel Scout |
| 23:57 | Queue | Knight |
| 23:57 | Queue | Camel Scout |
| 24:04 | Build | Stable |
Match timeline
| 6:57 | CTM | Benja FC · first_building Barracks |
| 9:00 | CTM | Benja FC · age_up feudal |
| 9:02 | CTM | Benja FC · first_building Stable |
| 9:20 | PSX | King · age_up feudal |
| 10:06 | EndRCM · age_up feudal |
| 10:18 | SUNYQ · age_up feudal |
| 10:24 | [SICK] WhiteSun · age_up feudal |
| 11:12 | 斷頭將軍拒當逃兵 · age_up feudal |
| 11:39 | CTM | Franco* · age_up feudal |
| 12:29 | Jon · age_up feudal |
| 12:54 | [SICK] WhiteSun · first_building Barracks |
| 12:56 | EndRCM · age_up castle |
| 14:12 | [SICK] WhiteSun · first_building Stable |
| 14:38 | Jon · first_building Barracks |
| 14:39 | SUNYQ · age_up castle |
| 15:14 | [SICK] WhiteSun · age_up castle |
| 15:24 | 斷頭將軍拒當逃兵 · age_up castle |
| 15:30 | SUNYQ · first_building Castle |
| 15:46 | CTM | Franco* · age_up castle |
| 15:50 | CTM | Franco* · first_building Monastery |
| 15:56 | Jon · first_building Archery Range |
| 15:59 | EndRCM · first_building Stable |
| 16:18 | SUNYQ · wall_segment Palisade Wall x1 |
| 16:20 | SUNYQ · wall_segment Palisade Wall x1 |
| 16:25 | PSX | King · first_market_sell 100 stone |
| 16:37 | SUNYQ · wall_segment Palisade Wall x1 |
| 16:40 | SUNYQ · wall_segment Palisade Wall x1 |
| 16:44 | SUNYQ · wall_segment Palisade Wall x1 |
| 17:05 | PSX | King · first_market_buy 100 food |
| 17:17 | [SICK] WhiteSun · wall_segment Stone Wall x26 |
| 17:31 | [SICK] WhiteSun · wall_segment Stone Wall x5 |
| 17:33 | Jon · wall_segment Stone Wall x7 |
| 17:34 | 斷頭將軍拒當逃兵 · first_building Monastery |
| 18:36 | SUNYQ · first_building Siege Workshop |
| 18:38 | Jon · wall_segment Stone Wall x1 |
| 19:32 | SUNYQ · wall_segment Stone Wall x1 |
| 19:50 | [SICK] WhiteSun · first_building Siege Workshop |
| 19:52 | PSX | King · age_up castle |
| 19:55 | [SICK] WhiteSun · first_market_sell 100 food |
| 19:55 | 斷頭將軍拒當逃兵 · first_market_buy 100 wood |
| 19:56 | [SICK] WhiteSun · first_market_buy 100 stone |
| 20:01 | 斷頭將軍拒當逃兵 · first_building Siege Workshop |
| 20:13 | PSX | King · wall_segment Palisade Wall x1 |
| 20:15 | PSX | King · wall_segment Palisade Wall x1 |
| 20:17 | PSX | King · wall_segment Palisade Wall x1 |
| 20:24 | PSX | King · wall_segment Palisade Wall x1 |
| 20:26 | PSX | King · wall_segment Palisade Wall x1 |
| 20:32 | Jon · age_up castle |
| 21:04 | Jon · first_building Siege Workshop |
| 21:04 | CTM | Benja FC · age_up castle |
| 21:37 | Jon · first_building Castle |
| 21:41 | PSX | King · first_building Barracks |
| 22:00 | PSX | King · wall_segment Stone Wall x1 |
| 22:05 | PSX | King · wall_segment Stone Wall x1 |
| 22:36 | 斷頭將軍拒當逃兵 · first_building Barracks |
| 23:07 | 斷頭將軍拒當逃兵 · first_building Stable |
| 23:49 | CTM | Franco* · first_building Castle |
| 24:19 | SUNYQ · first_market_buy 100 wood |
| 24:20 | 斷頭將軍拒當逃兵 · first_market_sell 100 wood |
| 24:33 | PSX | King · first_building Siege Workshop |
| 26:11 | PSX | King · wall_segment Palisade Wall x1 |
| 26:13 | PSX | King · wall_segment Stone Wall x1 |
| 26:15 | PSX | King · wall_segment Stone Wall x1 |
| 26:56 | Jon · first_market_buy 100 food |
| 27:09 | Jon · first_market_sell 100 wood |
| 27:18 | EndRCM · first_building Siege Workshop |
| 27:30 | SUNYQ · first_building Monastery |
| 27:32 | 斷頭將軍拒當逃兵 · first_building Castle |
| 27:55 | PSX | King · first_building Castle |
| 28:06 | EndRCM · first_building Barracks |
| 28:12 | CTM | Benja FC · first_market_sell 100 wood |
| 28:36 | 斷頭將軍拒當逃兵 · tribute_sent a jugador 1 |
| 28:36 | 斷頭將軍拒當逃兵 · tribute_sent a jugador 2 |
| 28:36 | 斷頭將軍拒當逃兵 · tribute_sent a jugador 3 |
| 28:36 | 斷頭將軍拒當逃兵 · tribute_sent a jugador 4 |
| 28:36 | 斷頭將軍拒當逃兵 · tribute_sent a jugador 5 |
| 28:36 | 斷頭將軍拒當逃兵 · tribute_sent a jugador 6 |
| 28:36 | 斷頭將軍拒當逃兵 · tribute_sent a jugador 7 |
| 29:09 | Jon · first_building Stable |
| 29:10 | EndRCM · age_up imperial |
| 29:41 | SUNYQ · first_market_sell 100 food |
| 30:20 | EndRCM · first_market_sell 100 food |
| 30:29 | EndRCM · tribute_sent a jugador 1 |
| 30:29 | EndRCM · tribute_sent a jugador 2 |
| 30:29 | EndRCM · tribute_sent a jugador 3 |
| 30:29 | EndRCM · tribute_sent a jugador 4 |
| 30:30 | EndRCM · tribute_sent a jugador 5 |
| 30:30 | EndRCM · tribute_sent a jugador 7 |
| 30:30 | EndRCM · tribute_sent a jugador 8 |
| 32:01 | Jon · age_up imperial |
| 32:03 | 斷頭將軍拒當逃兵 · age_up imperial |
| 33:10 | CTM | Benja FC · first_building Siege Workshop |
| 33:25 | EndRCM · first_market_buy 100 wood |
| 33:56 | CTM | Benja FC · first_market_buy 100 stone |
| 34:04 | SUNYQ · age_up imperial |
| 34:07 | CTM | Benja FC · first_building Castle |
| 34:58 | EndRCM · tribute_sent a jugador 1 |
| 34:58 | EndRCM · tribute_sent a jugador 2 |
| 34:58 | EndRCM · tribute_sent a jugador 3 |
| 34:58 | EndRCM · tribute_sent a jugador 4 |
| 34:58 | EndRCM · tribute_sent a jugador 5 |
| 34:58 | EndRCM · tribute_sent a jugador 7 |
| 34:58 | EndRCM · tribute_sent a jugador 8 |
| 35:04 | EndRCM · tribute_sent a jugador 1 |
| 35:04 | EndRCM · tribute_sent a jugador 2 |
| 35:04 | EndRCM · tribute_sent a jugador 3 |
| 35:04 | EndRCM · tribute_sent a jugador 4 |
| 35:04 | EndRCM · tribute_sent a jugador 5 |
| 35:04 | EndRCM · tribute_sent a jugador 7 |
| 35:04 | EndRCM · tribute_sent a jugador 8 |
| 35:13 | EndRCM · first_building Castle |
| 35:17 | CTM | Franco* · age_up imperial |
| 35:57 | CTM | Franco* · tribute_sent a jugador 2 |
| 35:57 | CTM | Franco* · tribute_sent a jugador 3 |
| 35:57 | CTM | Franco* · tribute_sent a jugador 4 |
| 35:57 | CTM | Franco* · tribute_sent a jugador 5 |
| 35:57 | CTM | Franco* · tribute_sent a jugador 6 |
| 35:57 | CTM | Franco* · tribute_sent a jugador 7 |
| 35:57 | CTM | Franco* · tribute_sent a jugador 8 |
| 36:41 | PSX | King · age_up imperial |
| 37:23 | EndRCM · tribute_sent a jugador 1 |
| 37:23 | EndRCM · tribute_sent a jugador 2 |
| 37:23 | EndRCM · tribute_sent a jugador 3 |
| 37:23 | EndRCM · tribute_sent a jugador 4 |
| 37:23 | EndRCM · tribute_sent a jugador 5 |
| 37:23 | EndRCM · tribute_sent a jugador 7 |
| 37:23 | EndRCM · tribute_sent a jugador 8 |
| 37:28 | CTM | Benja FC · age_up imperial |
| 37:57 | SUNYQ · first_building Barracks |
| 38:28 | EndRCM · tribute_sent a jugador 1 |
| 38:28 | EndRCM · tribute_sent a jugador 2 |
| 38:28 | EndRCM · tribute_sent a jugador 3 |
| 38:28 | EndRCM · tribute_sent a jugador 4 |
| 38:28 | EndRCM · tribute_sent a jugador 5 |
| 38:28 | EndRCM · tribute_sent a jugador 7 |
| 38:28 | EndRCM · tribute_sent a jugador 8 |
| 38:32 | CTM | Franco* · first_building Barracks |
| 38:35 | CTM | Benja FC · first_building Archery Range |
| 38:36 | SUNYQ · first_building Archery Range |
| 41:44 | 斷頭將軍拒當逃兵 · wall_segment Stone Wall x2 |
| 42:15 | CTM | Franco* · tribute_sent a jugador 2 |
| 42:15 | CTM | Franco* · tribute_sent a jugador 3 |
| 42:15 | CTM | Franco* · tribute_sent a jugador 4 |
| 42:15 | CTM | Franco* · tribute_sent a jugador 5 |
| 42:15 | CTM | Franco* · tribute_sent a jugador 6 |
| 42:15 | CTM | Franco* · tribute_sent a jugador 7 |
| 42:15 | CTM | Franco* · tribute_sent a jugador 8 |
| 42:24 | EndRCM · tribute_sent a jugador 1 |
| 42:24 | EndRCM · tribute_sent a jugador 2 |
| 42:24 | EndRCM · tribute_sent a jugador 3 |
| 42:24 | EndRCM · tribute_sent a jugador 4 |
| 42:24 | EndRCM · tribute_sent a jugador 5 |
| 42:24 | EndRCM · tribute_sent a jugador 7 |
| 42:24 | EndRCM · tribute_sent a jugador 8 |
| 42:25 | PSX | King · wall_segment Stone Wall x10 |
| 42:27 | PSX | King · wall_segment Stone Wall x11 |
| 42:28 | PSX | King · wall_segment Stone Wall x3 |
| 42:29 | [SICK] WhiteSun · first_building Archery Range |
| 42:37 | CTM | Benja FC · tribute_sent a jugador 1 |
| 42:37 | CTM | Benja FC · tribute_sent a jugador 2 |
| 42:37 | CTM | Benja FC · tribute_sent a jugador 4 |
| 42:37 | CTM | Benja FC · tribute_sent a jugador 5 |
| 42:37 | CTM | Benja FC · tribute_sent a jugador 6 |
| 42:37 | CTM | Benja FC · tribute_sent a jugador 7 |
| 42:37 | CTM | Benja FC · tribute_sent a jugador 8 |
| 43:24 | Jon · resign |
[ AI ANALYSIS · 1 CREDIT ]
What really happened in this match?
Wolo.gg analyzes every decision: build order, eco, micro, common mistakes by bracket. Personalized analysis on WhatsApp or Discord in 30 seconds.
Civ guide
Khmer
Perfil
EndRCM